 Dungeon Crawl Stone Soup version 0.26.0-16-gc1dbca0489 (webtiles) character file.

Game seed: 8237437296932443570

52095 EnegeticOcto the Severer (level 14, -4/105 (129) HPs)
             Began as a Deep Dwarf Fighter on Jan 18, 2021.
             Was a Priest of Ru.
             Killed from afar by a nagaraja (10 damage)
             ... with a splash of poison
             ... on level 4 of the Snake Pit.
             The game lasted 00:34:17 (3860 turns).

EnegeticOcto the Severer (Deep Dwarf Fighter)       Turns: 3860, Time: 00:34:17

HP:   -4/105 (129)  AC: 17    Str: 19    XL:     14   Next: 25%
MP:   11/11         EV: 14    Int: 11    God:    Ru [***...]
Gold: 113           SH: 13    Dex: 17    Spells: 32/34 levels left

rFire    + . .     SeeInvis .   b - +2 war axe (elec)
rCold    + . .     Faith    .   B - +3 warlock's mirror {reflect}
rNeg     + . .     Spirit   .   e - +5 chain mail {rF+}
rPois    .         Reflect  +   l - +0 helmet
rElec    .         Harm     .   A - +1 cloak "Rammali" {rC+ Str-3 Dex+4}
rCorr    .         Rampage  .   (no gloves)
Will     ++...     Clarity  +   C - +0 pair of boots {run}
Stlth    ..........             g - amulet of reflection
HPRegen  0.00/turn              n - +4 ring of evasion
MPRegen  0.12/turn              F - +4 ring of slaying

@: lethally poisoned (-4 -> -53), exhausted, about to teleport,
non-regenerating, constricted, heavily drained, quick
A: damage resistance, heal wounds, clarity, deformed body, negative energy
resistance 1, sense surroundings 3, no stealth, hated by all, no conjurations
magic, no earth magic, no hexes magic, no regeneration
a: Heal Wounds, Renounce Religion, Draw Out Power


You were on level 4 of the Snake Pit.
You worshipped Ru.
Ru was most pleased with you.
You visited 4 branches of the dungeon, and saw 23 of its levels.
You also visited: Ossuary, Bailey and Volcano.

You collected 537 gold pieces.
You spent 424 gold pieces at shops.

Inventory:

Hand Weapons
 a - a +0 vampiric morningstar
   (You took it off an orc on level 12 of the Dungeon)
 b - a +2 war axe of electrocution (weapon)
   (You found it on level 6 of the Dungeon)
 d - a +3 war axe
   (You took it off an orc warlord in a bailey)
Armour
 e - a +5 chain mail of fire resistance (worn)
   (You found it on level 6 of the Dungeon)
 l - a +0 helmet (worn)
   (You found it on level 4 of the Dungeon)
 A - the +1 cloak "Rammali" (worn) {rC+ Str-3 Dex+4}
   (You acquired it in a bailey)

   It affects your strength (-3).
   It affects your dexterity (+4).
   It protects you from cold.
 B - the +3 warlock's mirror (worn) {reflect}
   (You acquired it in a bailey)
 C - a +0 pair of boots of running (worn)
   (You bought it in a shop on level 4 of the Snake Pit)
 I - +0 fire dragon scales
   (You found it in a volcano)
Jewellery
 g - an amulet of reflection (around neck)
   (You found it on level 4 of the Dungeon)
 n - a +4 ring of evasion (left hand)
   (You found it on level 4 of the Snake Pit)
 u - an uncursed ring of resist corrosion
   (You found it on level 10 of the Dungeon)
 v - an uncursed ring of willpower
   (You found it on level 4 of the Lair of Beasts)
 F - a +4 ring of slaying (right hand)
   (You found it on level 6 of the Lair of Beasts)
Wands
 c - a wand of flame (12) {@v4}
   (You found it on level 4 of the Lair of Beasts)
 i - a wand of iceblast (5) {@v2}
   (You found it on level 5 of the Lair of Beasts)
 t - a wand of polymorph (7)
   (You found it on level 11 of the Dungeon)
Scrolls
 j - 4 scrolls of blinking {@r4}
 m - 6 scrolls of teleportation {@r3 !r}
 r - a scroll of torment
 w - 2 scrolls of fog {!r}
 y - a scroll of vulnerability
 D - a scroll of magic mapping {@r5 !r}
Potions
 f - 2 potions of ambrosia
 h - 8 potions of curing {@q1 !q}
 k - 2 potions of flight
 o - 2 potions of lignification {@q6}
 p - a potion of attraction
 q - 3 potions of haste {@q4 !q}
 x - a potion of heal wounds {@q2 !q}
 z - a potion of magic
 E - 2 potions of invisibility
 G - a potion of resistance
 H - a potion of berserk rage {unknown}
 J - a potion of might {@q3 !q}


   Skills:
 + Level 9.0 Fighting
 - Level 16.0 Axes
 + Level 9.4 Armour
 + Level 9.4 Dodging
 - Level 4.6 Shields
 + Level 10.6 Spellcasting
 + Level 3.1 Translocations
 - Level 5.0 Evocations


You had 32 spell levels left.
You knew the following spells:

 Your Spells              Type           Power        Failure   Level
Y - Blink                 Tloc           N/A          38%         2

Your spell library contained the following spells:

 Spells                   Type           Power        Failure   Level
 Freeze                   Ice            20%          69%         1
 Frozen Ramparts          Ice            10%          96%         3
 Ozocubu's Armour         Ice            5%           96%         3
 Magic Dart               Conj           Unusable     N/A         1
 Call Imp                 Summ           Unusable     N/A         2
 Slow                     Hex            Unusable     N/A         2
 Conjure Flame            Conj/Fire      Unusable     N/A         3
 Mephitic Cloud           Conj/Pois/Air  Unusable     N/A         3
 Hailstorm                Conj/Ice       Unusable     N/A         4
 Summon Lightning Spire   Summ/Air       Unusable     N/A         4
 Summon Demon             Summ           Unusable     N/A         5

Dungeon Overview and Level Annotations

Branches:
Dungeon (12/15)            Temple (1/1) D:7            Lair (6/6) D:11
  Swamp (0/4) Lair:2        Snake (4/4) Lair:3          Orc (0/2) D:10
Ossuary (visited)          Bailey (visited)         Volcano (visited)
  Slime: Lair:5-6

Altars:
Elyvilon
Ru
Uskayaw
The Shining One

Shops:
D:9 [   D:10 =!=   Snake:4 (*[[


Innate Abilities, Weirdness & Mutations

You are resistant to damage.
You can heal yourself by infusing magical energy.
You resist negative energy. (rN+)
You passively map a large area around you.
You cannot be stealthy.
You are hated by all.
You cannot study or cast Conjurations magic.
You cannot study or cast Earth magic.
You cannot study or cast Hexes magic.
You do not regenerate.
You possess an exceptional clarity of mind.
Armour fits poorly on your strangely shaped body.


Message History

You closely miss the sea snake. You hit the naga ritualist.
You barely miss the naga.
You feel very sick.
The guardian serpent coils itself and waves its upper body at you.
The anaconda barely misses you. The anaconda completely misses you.
The anaconda constricts you. The nagaraja hits you.
You block the naga warrior's attack. You block the sea snake's attack.
Really quaff
h - 9 potions of curing {@q1 !q}?
You feel better.
The anaconda is stunned by your conviction and fails to attack.
The anaconda barely misses you. The anaconda constricts you.
The nagaraja hits you with a +0 halberd!
The naga ritualist spits poison at you. The splash of poison hits you!
You are poisoned.
* * * LOW HITPOINT WARNING * * *
You block the naga's attack. You block the sea snake's attack.
The anaconda bites you!
* * * LOW HITPOINT WARNING * * *
You focus your inner power and illuminate the anaconda in retribution!
The naga warrior hits you but does no damage.
The anaconda bites you!
* * * LOW HITPOINT WARNING * * *
The anaconda constricts you. You block the nagaraja's attack.
Okay, then.
Really quaff
x - a potion of heal wounds {@q2 !q}?
Okay, then.
You feel much better.
The anaconda stops glowing.
The anaconda closely misses you.
The naga ritualist mumbles some strange words.
The naga ritualist begins to radiate toxic energy.
You are more poisoned.
The anaconda bites you but does no damage.
The anaconda constricts you. You block the naga's attack.
The nagaraja casts a spell at you. The poison arrow misses you.
The poison arrow hits the nagaraja.
The nagaraja partially resists.
The nagaraja is poisoned.
The sea snake barely misses you. You block the anaconda's attack.
The naga warrior spits poison at you. The splash of poison hits you.
You are more poisoned.
* * * LOW HITPOINT WARNING * * *
The nagaraja gestures at you while chanting.
The poison arrow hits you!
You are more poisoned.
* * * LOW HITPOINT WARNING * * *
Really read
m - 7 scrolls of teleportation {@r3 !r}?
As you read the scroll of teleportation {@r3 !r}, it crumbles to dust.
You feel strangely unstable.
You feel very sick.
* * * LOW HITPOINT WARNING * * *
You are lethally poisoned!
You block the anaconda's attack. The anaconda constricts you.
The guardian serpent coils itself and waves its upper body at you.
The anaconda closely misses you. You block the naga ritualist's attack.
The nagaraja spits poison at you. The splash of poison misses you.
The splash of poison hits the nagaraja.
You block the sea snake's attack. The naga spits poison at you.
The splash of poison hits you.
You are more poisoned.
* * * LOW HITPOINT WARNING * * *
The anaconda bites you but does no damage.
* * * LOW HITPOINT WARNING * * *
The anaconda constricts you.
The guardian serpent coils itself and waves its upper body at you.
The nagaraja hits you but does no damage.
The naga warrior hits you with a +0 short sword!
* * * LOW HITPOINT WARNING * * *
You feel much better.
You feel very sick.
* * * LOW HITPOINT WARNING * * *
You are lethally poisoned!
You block the anaconda's attack.
The anaconda bites you but does no damage.
* * * LOW HITPOINT WARNING * * *
The anaconda constricts you.
You redirect the shock serpent's attack!
The shock serpent shoots out a bolt of lightning at the nagaraja!
The bolt of electricity hits the guardian serpent!!
The bolt of electricity hits the sea snake!!
The bolt of electricity hits the nagaraja!!
The guardian serpent coils itself and waves its upper body at you.
You block the sea snake's attack. The nagaraja casts a spell at you.
The poison arrow misses you.
The poison arrow hits the nagaraja!
The nagaraja partially resists.
The nagaraja looks as sick as possible!
The naga closely misses you. The naga ritualist spits poison at you.
The splash of poison hits you but does no damage.
You are more poisoned.
The anaconda misses you. The anaconda bites you!
* * * LOW HITPOINT WARNING * * *
The anaconda constricts you.
The naga warrior hits you with a +0 short sword!
* * * LOW HITPOINT WARNING * * *
The nagaraja spits poison at you. The splash of poison hits you!
You are more poisoned.
You die...

,, , ,, , #........... + *
*...≈≈≈...##.......... * , ,
,#..≈≈≈..# #.........# ,, #
#.§≈≈≈..# #<........# ,, , ,
.#..≈≈≈..#.#.######..+ , ,,*
, *S.N≈≈≈...##.# ..# , , ..
#SSSS.###..## ..# ,, ....
##NSN###....#, *, #
#+####......##§N@N§##....# ,
..............§NSS§......#
.............§.§§§§#'#...# ,
.................###†#...#
*,,
#................#...##....,
,
#...............'....#.....*
*#....))........'...##......
#....))).......#####.......
##...##'####.........., ,


You could see a naga warrior (catching breath), 2 nagarajas, a sea snake, 2
anacondas, a naga ritualist (toxic aura, catching breath), a shock serpent, 3
guardian serpents and 2 nagas.

Vanquished Creatures
  An orc warlord (Bailey)
  Fannar (D:10)
  4 hydras
  4 naga warriors
  3 catoblepae (Lair:6)
  A two-headed ogre (D:8)
  3 boulder beetles
  21 death yaks
  2 fire crabs
  An unseen horror (D:10)
  A naga ritualist (Snake:2)
  A swamp dragon (Lair:2)
  An orc knight (Bailey)
  A lindwurm (Volcano)
  2 manticores (Lair:6)
  4 salamanders (Snake:4)
  7 elephants (Lair:6)
  7 black mambas
  A centaur skeleton (D:11)
  A guardian serpent (Snake:4)
  4 naga magi
  8 cane toads
  4 komodo dragons
  A rime drake (Lair:3)
  A polar bear (Lair:6)
  Grinder (D:4)
  2 blink frogs (Lair:3)
  A centaur simulacrum (D:11)
  A wraith (Ossuary)
  A vampire (D:10)
  3 basilisks
  A wyvern (Lair:5)
  27 yaks
  12 nagas
  7 water moccasins
  4 hell hounds (Volcano)
  4 orc warriors
  2 sky beasts
  2 phantoms
  2 black bears (Lair:2)
  6 wolves (Lair:6)
  A big kobold (D:10)
  8 bullfrogs
  A wyvern skeleton (D:10)
  2 scorpions
  5 wights (D:10)
  A howler monkey (D:7)
  A bullfrog zombie (D:6)
  5 orc priests
  7 hounds
  6 orc wizards
  A bullfrog skeleton (D:8)
  5 iguanas
  3 worker ants
  A mummy (Ossuary)
  2 adders
  5 gnolls
  3 shadow imps
  2 white imps (D:8)
  An ufetubus (D:10)
  An adder zombie (D:8)
  An adder skeleton (D:5)
  A worm (D:4)
  2 leopard geckos
  25 orcs
  A giant cockroach (D:4)
  2 goblins (Bailey)
  3 hobgoblins (Bailey)
  4 jackals (D:8)
  2 quokkas (D:6)
  A ball python (D:4)
  A frilled lizard (D:4)
  3 gnoll skeletons (Ossuary)
  13 kobolds
  2 kobold skeletons (Ossuary)
  A leopard gecko skeleton (D:4)
  4 orc skeletons (Ossuary)
288 creatures vanquished.

Vanquished Creatures (others)
  A naga warrior (Snake:1)
  An elephant (Lair:6)
  A blink frog (Lair:3)
  A naga (Snake:4)
  14 fungi
  52 plants
70 creatures vanquished.

Grand Total: 358 creatures vanquished

Notes
Turn   | Place    | Note
-------+----------+-------------------------------------------
     0 | D:1      | EnegeticOcto the Deep Dwarf Fighter began the quest for the
                  | Orb.
     0 | D:1      | Reached XP level 1. HP: 20/20 MP: 1/1
   165 | D:4      | Reached skill level 3 in Axes
   165 | D:4      | Reached XP level 2. HP: 25/27 MP: 2/2
   186 | D:4      | Noticed Grinder
   189 | D:4      | Reached skill level 4 in Axes
   189 | D:4      | Reached XP level 3. HP: 31/33 MP: 3/3
   195 | D:4      | Your magical essence is drained by the effort!
   195 | D:4      | Paralysed by Grinder for 6 turns
   203 | D:4      | Paralysed by Grinder for 2 turns
   209 | D:4      | Killed Grinder
   210 | D:4      | Reached skill level 6 in Axes
   210 | D:4      | Reached XP level 4. HP: 24/40 MP: 3/3
   210 | D:4      | Reached XP level 5. HP: 28/46 MP: 4/4
   265 | D:4      | Reached skill level 7 in Axes
   265 | D:4      | Reached XP level 6. HP: 30/55 MP: 5/5
   271 | D:5      | Entered Level 5 of the Dungeon
   273 | D:5      | Noticed a sky beast
   292 | D:5      | Killed a sky beast
   293 | D:5      | Found a white marble altar of Elyvilon.
   350 | D:6      | Reached skill level 8 in Axes
   384 | D:6      | Reached XP level 7. HP: 45/61 MP: 6/6
   474 | D:7      | Reached skill level 9 in Axes
   499 | D:7      | Found a sand-covered staircase.
   518 | Ossuary  | Entered an ossuary
   518 | Ossuary  | Noticed a wraith
   518 | Ossuary  | Noticed a wraith
   518 | Ossuary  | Noticed a wraith
   573 | Ossuary  | Noticed a wraith
   609 | Ossuary  | Killed a wraith
   610 | Ossuary  | Reached skill level 10 in Axes
   684 | D:7      | Reached XP level 8. HP: 46/68 MP: 7/7
   699 | D:7      | Found a staircase to the Ecumenical Temple.
   710 | Temple   | Entered the Ecumenical Temple
   722 | Temple   | Became a worshipper of Ru the Awakened
   831 | D:8      | Noticed a two-headed ogre
   843 | D:8      | Reached skill level 11 in Axes
   843 | D:8      | Killed a two-headed ogre
   844 | D:8      | Reached skill level 12 in Axes
   873 | D:8      | Gained mutation: You passively map the area around you.
                  | [Deep Dwarf growth]
   873 | D:8      | Reached XP level 9. HP: 41/74 MP: 8/8
   890 | D:8      | Identified the Disquisition on the Glacier and the
                  | Entourage
   975 | D:8      | Reached skill level 13 in Axes
  1002 | D:9      | Found Saips's Armour Boutique.
  1058 | D:8      | Found a glowing golden altar of the Shining One.
  1076 | D:10     | Entered Level 10 of the Dungeon
  1105 | D:10     | Killed an unseen horror
  1108 | D:10     | Your magical essence is drained by the effort!
  1151 | D:10     | Reached skill level 14 in Axes
  1160 | D:10     | Found Sitailij's Jewellery Shoppe.
  1256 | D:10     | Found Fori's Distillery.
  1269 | D:10     | Noticed Fannar
  1295 | D:10     | Killed Fannar
  1296 | D:10     | Reached skill level 15 in Axes
  1296 | D:10     | Reached XP level 10. HP: 36/81 MP: 8/8
  1305 | D:10     | Gained mutation: You cannot study or cast Earth magic. [Ru
                  | sacrifice]
  1305 | D:10     | Gained mutation: You cannot study or cast Hexes magic. [Ru
                  | sacrifice]
  1305 | D:10     | Gained mutation: You cannot study or cast Conjurations
                  | magic. [Ru sacrifice]
  1305 | D:10     | Reached * piety under Ru
  1319 | D:10     | Found Zit Isirph's Jewellery Boutique.
  1353 | D:10     | Noticed a boulder beetle
  1355 | D:10     | Your magical essence is drained by the effort!
  1371 | D:10     | Killed a boulder beetle
  1407 | D:10     | Found a flagged portal.
  1416 | Bailey   | Entered a bailey
  1421 | Bailey   | Noticed an orc warlord
  1441 | Bailey   | Noticed an orc knight
  1457 | Bailey   | Killed an orc knight
  1475 | Bailey   | Found a runed translucent gate.
  1477 | Bailey   | Found a runed translucent gate.
  1479 | Bailey   | Found a runed translucent gate.
  1497 | Bailey   | Reached skill level 16 in Axes
  1540 | Bailey   | Your magical essence is drained by the effort!
  1543 | Bailey   | Killed an orc warlord
  1544 | Bailey   | Reached skill level 3 in Fighting
  1544 | Bailey   | Reached skill level 4 in Shields
  1544 | Bailey   | Reached skill level 2 in Spellcasting
  1559 | Bailey   | Identified a scroll of acquirement
  1559 | Bailey   | Acquired the +1 cloak "Rammali" {rC+ Str-3 Dex+4}
  1572 | Bailey   | Acquired the +3 warlock's mirror {reflect}
  1573 | Bailey   | Found the +3 warlock's mirror {reflect}
  1713 | D:11     | Reached skill level 4 in Fighting
  1713 | D:11     | Reached skill level 1 in Evocations
  1751 | D:12     | Reached skill level 1 in Dodging
  1781 | D:11     | Noticed a boulder beetle
  1802 | D:11     | Your magical essence is drained by the effort!
  1809 | D:11     | Killed a boulder beetle
  1810 | D:11     | Reached skill level 4 in Armour
  1810 | D:11     | Reached skill level 2 in Dodging
  1810 | D:11     | Reached skill level 2 in Evocations
  1810 | D:11     | Reached XP level 11. HP: 65/92 MP: 8/10
  1863 | D:11     | Found a staircase to the Lair.
  1882 | D:11     | Reached skill level 3 in Spellcasting
  1887 | Lair:1   | Entered Level 1 of the Lair of Beasts
  1898 | Lair:1   | Reached skill level 3 in Evocations
  1925 | Lair:2   | Found a staircase to the Swamp.
  1925 | Lair:2   | Noticed a swamp dragon
  1928 | Lair:2   | Your magical essence is drained by the effort!
  1932 | Lair:2   | Killed a swamp dragon
  1939 | Lair:2   | Reached skill level 3 in Dodging
  1957 | Lair:2   | Noticed a four-headed hydra
  1980 | Lair:2   | Killed a four-headed hydra
  1981 | Lair:2   | Reached skill level 5 in Fighting
  1981 | Lair:2   | Reached skill level 5 in Armour
  1981 | Lair:2   | Reached skill level 4 in Evocations
  2130 | Lair:3   | Reached skill level 4 in Dodging
  2136 | Lair:3   | Reached skill level 4 in Spellcasting
  2136 | Lair:3   | Reached skill level 5 in Evocations
  2146 | Lair:4   | Found a hide-covered altar of Uskayaw.
  2184 | Lair:4   | Gained mutation: You cannot be stealthy. [Ru sacrifice]
  2184 | Lair:4   | Reached ** piety under Ru
  2216 | Lair:4   | Noticed a catoblepas
  2232 | Lair:5   | Noticed a death yak
  2232 | Lair:5   | Noticed a death yak
  2251 | Lair:5   | Noticed a death yak
  2252 | Lair:5   | Reached skill level 6 in Armour
  2252 | Lair:5   | Noticed a death yak
  2270 | Lair:5   | Noticed a death yak
  2274 | Lair:5   | Noticed a death yak
  2287 | Lair:5   | Killed a death yak
  2288 | Lair:5   | Reached skill level 5 in Dodging
  2297 | Lair:5   | Killed a death yak
  2298 | Lair:5   | Reached skill level 6 in Fighting
  2307 | Lair:5   | Killed a death yak
  2320 | Lair:5   | Killed a death yak
  2321 | Lair:5   | Reached skill level 5 in Spellcasting
  2321 | Lair:5   | Reached XP level 12. HP: 75/105 MP: 13/13
  2328 | Lair:5   | Killed a death yak
  2329 | Lair:5   | Reached skill level 7 in Armour
  2329 | Lair:5   | Reached skill level 6 in Dodging
  2338 | Lair:5   | Killed a death yak
  2342 | Lair:5   | Noticed a death yak
  2342 | Lair:5   | Noticed a death yak
  2342 | Lair:5   | Noticed a death yak
  2342 | Lair:5   | Noticed a death yak
  2342 | Lair:5   | Noticed a death yak
  2343 | Lair:5   | Noticed a death yak
  2357 | Lair:5   | Killed a death yak
  2363 | Lair:5   | Noticed a five-headed hydra
  2376 | Lair:5   | Killed a five-headed hydra
  2377 | Lair:5   | Reached skill level 7 in Dodging
  2379 | Lair:5   | Noticed a six-headed hydra
  2399 | Lair:5   | Killed a death yak
  2400 | Lair:5   | Reached skill level 8 in Armour
  2405 | Lair:5   | Your magical essence is drained by the effort!
  2416 | Lair:5   | Your magical essence is drained by the effort!
  2420 | Lair:5   | Killed a death yak
  2421 | Lair:5   | Reached skill level 8 in Dodging
  2434 | Lair:5   | Killed a six-headed hydra
  2443 | Lair:5   | Your magical essence is drained by the effort!
  2448 | Lair:5   | Killed a death yak
  2460 | Lair:5   | Killed a death yak
  2461 | Lair:5   | Your magical essence is drained by the effort!
  2463 | Lair:5   | Killed a death yak
  2464 | Lair:5   | Reached skill level 7 in Fighting
  2464 | Lair:5   | Reached skill level 6 in Spellcasting
  2496 | Lair:6   | Entered Level 6 of the Lair of Beasts
  2551 | Lair:6   | Noticed a six-headed hydra
  2559 | Lair:6   | Your magical essence is drained by the effort!
  2579 | Lair:6   | Killed a six-headed hydra
  2636 | Lair:6   | Reached skill level 8 in Fighting
  2640 | Lair:6   | Reached skill level 7 in Spellcasting
  2640 | Lair:6   | Reached XP level 13. HP: 106/117 MP: 12/12
  2730 | Lair:6   | Found a dark tunnel.
  2735 | Volcano  | Entered a volcano
  2861 | Lair:6   | Reached skill level 8 in Spellcasting
  2969 | Lair:6   | Your magical essence is drained by the effort!
  3003 | Lair:6   | Reached skill level 9 in Spellcasting
  3018 | Lair:6   | Your magical essence is drained by the effort!
  3080 | Lair:6   | Reached skill level 10 in Spellcasting
  3211 | Lair:4   | Gained mutation: You are hated by all. [Ru sacrifice]
  3211 | Lair:4   | Reached *** piety under Ru
  3449 | Lair:3   | Found a staircase to the Snake Pit.
  3465 | Snake:1  | Entered Level 1 of the Snake Pit
  3480 | Snake:1  | Learned a level 2 spell: Blink
  3537 | Snake:1  | Reached skill level 1 in Translocations
  3592 | Snake:1  | You fall into a shaft and drop 1 floor!
  3608 | Snake:2  | Reached skill level 9 in Armour
  3608 | Snake:2  | Reached skill level 9 in Dodging
  3608 | Snake:2  | Gained mutation: You resist negative energy. (rN+) [Deep
                  | Dwarf growth]
  3608 | Snake:2  | Reached XP level 14. HP: 46/121 MP: 15/15
  3646 | Snake:4  | Entered Level 4 of the Snake Pit
  3666 | Snake:4  | Your magical essence is drained by the effort!
  3671 | Snake:4  | Reached skill level 2 in Translocations
  3674 | Snake:4  | Your magical essence is drained by the effort!
  3718 | Snake:4  | Your magical essence is drained by the effort!
  3761 | Snake:4  | Found Gicu's Antique Armour Shoppe.
  3761 | Snake:4  | Found Selun's Weapon Emporium.
  3763 | Snake:4  | Found Uriwkew's General Store.
  3770 | Snake:4  | Reached skill level 9 in Fighting
  3771 | Snake:4  | Found Lurghes's Armour Shoppe.
  3777 | Snake:4  | Reached skill level 3 in Translocations
  3785 | Snake:4  | Your magical essence is drained by the effort!
  3809 | Snake:4  | Bought a scroll of enchant weapon for 135 gold pieces
  3809 | Snake:4  | Bought a potion of curing for 54 gold pieces
  3809 | Snake:4  | Bought a scroll of magic mapping for 63 gold pieces
  3813 | Snake:4  | Bought a pair of runed boots for 172 gold pieces
  3818 | Snake:4  | Identified a +0 pair of boots of running (You bought it in
                  | a shop on level 4 of the Snake Pit)
  3851 | Snake:4  | Noticed a nagaraja
  3851 | Snake:4  | Noticed a nagaraja
  3853 | Snake:4  | Gained mutation: Armour fits poorly on your strangely
                  | shaped body. [potion of mutation]
  3853 | Snake:4  | Gained mutation: You passively map a large area around you.
                  | [potion of mutation]
  3853 | Snake:4  | Gained mutation: You possess an exceptional clarity of
                  | mind. [potion of mutation]
  3860 | Snake:4  | Killed from afar by a nagaraja

Illustrated notes

Levels and vault maps discovered:
D:1:      dpeg_arrival_boxorama, layout_basic
D:2:      layout_basic, zin_treasury, uniq_jessica
D:3:      layout_basic, uniq_natasha, uniq_terence
D:4:      layout_cave_pools, nemelex_xobeh_ov_fountains_minmay, uniq_grinder
D:5:      layout_loops_ring, basic_altar, cheibrodos_sewer_entry_drain
D:6:      minmay_clustersquares, layout_basic, minmay_misc_feat_hallway
D:7:      layout_basic, minitemple, minmay_temple_entry_hall,
          lightli_ossuary_entry_decrepit_ruins, uniq_prince_ribbit1
D:8:      layout_loops_ring, lemuel_round_altar, nicolae_overflow_hidden_temple,
          hangedman_abyss_or_decor_clamps
D:9:      layout_loops_ring, gammafunk_ghost_nasty_kobolds, serial_shops,
          nicolae_shop_trees, lightli_fourway_metalbox, uniq_pikel
D:10:     layout_loops_ring, orc_0_dummy, enter_bailey_8, serial_shops,
          nicolae_shop_waterfront, shop_statue, kennysheep_little_box,
          kennysheep_mini_moat, shop, grunt_ministairs_14,
          roderic_st_hans_cross, uniq_fannar
D:11:     layout_loops_ring, david_lair_shrubbed
D:12:     layout_roguey [special_room_orc], tgw_sif
Temple:   regret_index_temple_generic_petals
Lair:1:   layout_chaotic_city, uniq_sonja
Lair:2:   beast_lair_carwin_large_2, layout_loops_ring,
          minmay_swamp_entry_reptiles, serial_bayou_pond_a, uniq_urug,
          uniq_nergalle, uniq_gastronok
Lair:3:   layout_roguey, minmay_snake_entry_guardpost_small,
          chequers_serial_rivers_micro_b, grunt_megastairs_4
Lair:4:   layout_cave_pods, serial_rivers, chequers_serial_rivers_marsh,
          chequers_serial_rivers_large_b, chequers_serial_rivers_room_b,
          chequers_serial_rivers_small_b, chequers_serial_rivers_micro_e,
          chequers_serial_rivers_large_a, basic_altar, minivault_26, uniq_nessos
Lair:5:   layout_small_grid, dpeg_slime_entry_enclosed_altar, serial_forest,
          infiniplex_forest_straight_2, infiniplex_forest_pool,
          infiniplex_forest_lined_room_3, infiniplex_forest_end_double,
          infiniplex_forest_lined_ring, infiniplex_forest_lined_room_2,
          infiniplex_forest_lined_corner, infiniplex_forest_clump_long,
          infiniplex_forest_diagonal, kennysheep_abandoned_house
Lair:6:   evilmike_catoblepas_cave, layout_long_grid, enter_volcano_4,
          grunt_megastairs_1
Snake:1:  nicolae_snake_nest, layout_gridlike, basic_altar, serial_bayou_pond_e,
          grunt_megastairs_5
Snake:2:  layout_onion, grunt_megastairs_3, minmay_shop_grove,
          serial_bayou_shore_a, uniq_roxanne
Snake:3:  layout_cave_shapes, basic_altar
Snake:4:  grunt_snake_rune_pools, layout_cave_town, minmay_shoptagon

Skill      XL: |  1  2  3  4  5  6  7  8  9 10 11 12 13 14 |
---------------+-------------------------------------------+-----
Axes           | 3 4 6 7 8 10 12 15 16 | 16.0
Fighting       | 4 6 8 9 |  9.0
Shields        | 4 |  4.6
Spellcasting   | 2 5 7 10 | 10.6
Evocations     | 2 5 |  5.0
Dodging        | 2 5 8 9 |  9.4
Armour         | 4 6 8 9 |  9.4
Translocations | 1 3 |  3.1

Action                   |  1- 3 |  4- 6 |  7- 9 | 10-12 | 13-15 || total
-------------------------+-------+-------+-------+-------+-------++-------
Melee: War axe           |    20 |    41 |   193 |   405 |   386 ||  1045
       Morningstar       |       |       |       |    90 |       ||    90
Invok: Sacrifice Arcana  |       |       |       |     1 |       ||     1
       Sacrifice Stealth |       |       |       |     1 |       ||     1
       Draw Out Power    |       |       |       |       |    11 ||    11
       Sacrifice Love    |       |       |       |       |     1 ||     1
 Abil: Heal Wounds       |     3 |     2 |    13 |    28 |    18 ||    64
Evoke: Wand              |     3 |       |     2 |    13 |       ||    18
  Use: Scroll            |       |     5 |     5 |    10 |    12 ||    32
       Potion            |       |       |       |     1 |     2 ||     3
 Stab: Distracted        |       |       |       |     1 |     4 ||     5
Armor: Scale mail        |    13 |    11 |     4 |       |       ||    28
       Chain mail        |       |       |    69 |   199 |   122 ||   390
Dodge: Dodged            |    11 |    13 |    23 |   152 |   152 ||   351
Block: Kite shield       |    21 |    27 |   132 |    56 |       ||   236
       Reflection        |       |       |     2 |    18 |    23 ||    43
       Buckler           |       |       |       |   249 |   220 ||   469
